 Dungeon Crawl Stone Soup version 0.21.1-1-g345015fe64 (webtiles) character file.

294 Htamos the Skirmisher (level 6, 0/65 HPs)
             Began as an Ogre Berserker on July 1, 2018.
             Was a Priest of Trog.
             Slain by Eustachio
             ... wielding a +5 antimagic rapier
              (7 damage)
             ... on level 4 of the Dungeon.
             The game lasted 00:10:49 (3860 turns).

Htamos the Skirmisher (Ogre Berserker)              Turns: 3860, Time: 00:10:50

Health: 0/65       AC:  3    Str: 27    XL:     6   Next: 33%
Magic:  2/6        EV: 11    Int:  8    God:    Trog [***...]
Gold:   154        SH:  0    Dex: 10    Spells: 5/5 levels left

rFire    . . .     SeeInvis .     - Unarmed
rCold    . . .     Gourm    .   (no shield)
rNeg     . . .     Faith    .   a - +0 animal skin
rPois    .         Spirit   .   (helmet restricted)
rElec    .         Reflect  .   (no cloak)
rCorr    .         Harm     .   (gloves unavailable)
MR       .....                  (boots unavailable)
Stlth    +.........             (no amulet)
HPRegen  0.20/turn              (no ring)
MPRegen  0.10/turn              (no ring)

@: mighty, flying, hasted, very quick
A: large, unfitting armour, tough skin 1
a: Berserk, Trog's Hand, Burn Spellbooks, Renounce Religion


You were on level 4 of the Dungeon.
You worshipped Trog.
Trog was most pleased with you.
You were not hungry.

You visited 1 branch of the dungeon, and saw 4 of its levels.

You collected 154 gold pieces.

Inventory:

Missiles
 o - 2 large rocks (quivered)
Armour
 a - a +0 animal skin (worn)
 l - a +2 helmet
Jewellery
 n - an uncursed ring of stealth {unknown}
Scrolls
 f - 3 scrolls of teleportation {unknown}
 g - a scroll of blinking {unknown}
 h - 3 scrolls of identify {unknown}
 j - 4 scrolls of remove curse {unknown}
 m - a scroll of fog {unknown}
Potions
 c - 2 potions of curing
 d - 3 potions of might
 e - a potion of degeneration {unknown}
 i - a potion of haste
 k - a potion of brilliance {unknown}
 p - a potion of flight
Comestibles
 b - 2 rations


   Skills:
 + Level 4.9 Fighting
 * Level 4.6 Dodging
 + Level 4.6 Unarmed Combat


You had 5 spell levels left.
You didn't know any spells.

Dungeon Overview and Level Annotations

Branches:
Dungeon (4/15)
 Temple: D:4-7

Altars:
Fedhas

Annotations:
D:4 Eustachio


Innate Abilities, Weirdness & Mutations

You are too large for most types of armour.
You have tough skin. (AC +1)


Message History

You barely miss the iron imp. You punch the iron imp!
The iron imp is severely wounded.
The iron imp closely misses you.
You punch the iron imp!
You kill the iron imp!
The bat hits you but does no damage.
You barely miss the bat. The bat barely misses you.
The bat hits you but does no damage.
Eustachio hits you with an antimagic rapier!
* * * LOW HITPOINT WARNING * * *
You feel your power leaking away. The white imp gestures at you.
The puff of frost hits you!
* * * LOW HITPOINT WARNING * * *
Things that are here:
a scroll labeled TACAOPR WUWENGENUN; a worker ant corpse You barely miss Eustachio.
The bat closely misses you.
Eustachio hits you with an antimagic rapier!
You die...

#.## ###...#
#..######....##
#.##...5.....#
#....r...##..#
#....######..##
##.#### ##..#
#..## #..##
####5..# #...#
#..@@..# ##..#
####b..# #..#
#....# ##..
##...# #..
#.$.# #.# ##..#
### ... ####


You could see Eustachio, a white imp and a bat.

Vanquished Creatures
  An ice beast (D:3)
  A worker ant (D:4)
  7 adders
  A shadow imp (D:3)
  2 dart slugs (D:1)
  6 leopard geckos
  3 orcs (D:3)
  A ball python (D:3)
  3 giant cockroaches
  5 goblins (D:1)
  8 hobgoblins
  14 jackals
  16 kobolds
  A quokka (D:3)
  7 bats
  5 frilled lizards
  11 rats
  A bush (D:1)
93 creatures vanquished.

Notes
Turn   | Place    | Note
-------+----------+-------------------------------------------
     0 | D:1      | Htamos the Ogre Berserker began the quest for the Orb.
     0 | D:1      | Reached XP level 1. HP: 24/24 MP: 1/1
    68 | D:1      | Reached XP level 2. HP: 25/32 MP: 2/2
   562 | D:1      | Reached XP level 3. HP: 37/40 MP: 3/3
   666 | D:1      | Reached ** piety under Trog
  1074 | D:1      | Reached XP level 4. HP: 43/49 MP: 4/4
  2190 | D:2      | Reached XP level 5. HP: 52/55 MP: 5/5
  2342 | D:2      | Found a blossoming altar of Fedhas.
  2579 | D:3      | Reached *** piety under Trog
  2795 | D:3      | Received a gift from Trog
  3209 | D:3      | Noticed an ice beast
  3229 | D:3      | Killed an ice beast
  3229 | D:3      | Reached XP level 6. HP: 16/65 MP: 6/6
  3804 | D:4      | Noticed Eustachio
  3860 | D:4      | Slain by Eustachio

Skill      XL: |  1  2  3  4  5 |
---------------+----------------+-----
Dodging        | 3 4 |  4.6
Unarmed Combat | 3 4 |  4.6
Fighting       | |  4.9

Action                   |  1- 3 |  4- 6 || total
-------------------------+-------+-------++-------
Melee: Unarmed           |   258 |   277 ||   535
       Punch             |     5 |     2 ||     7
Invok: Trog's Hand       |     1 |       ||     1
  Use: Potion            |       |     4 ||     4
  Eat: Chunk             |       |     8 ||     8
       Ration            |       |     1 ||     1
Armor: Animal skin       |    35 |    85 ||   120
Dodge: Dodged            |    90 |   178 ||   268
